 Dungeon Crawl Stone Soup version 0.29-a0-317-gd16b76e6b1 (webtiles) character file.

Game seed: 2288804419997704030

3 khilkfdxdjhk the Sneak (level 1, -3/9 HPs)
             Began as a Spriggan Enchanter on Mar 31, 2022.
             Slain by a kobold
             ... wielding a +2 short sword of speed
              (5 damage)
             ... on level 1 of the Dungeon.
             The game lasted 00:00:37 (140 turns).

khilkfdxdjhk the Sneak (Spriggan Enchanter)          Turns: 140, Time: 00:00:38

Health: -3/9       AC:  2    Str:  4    XL:     1   Next: 41%
Magic:  5/5        EV: 17    Int: 16    God:
Gold:   0          SH:  0    Dex: 15    Spells: 5/5 levels left

rFire   . . .      SeeInvis +   a - +1 dagger
rCold   . . .      Faith    .   (no shield)
rNeg    . . .      Spirit   .   b - +0 robe
rPois   .          Reflect  .   (helmet restricted)
rElec   .          Harm     .   (no cloak)
rCorr   .          Rampage  .   (gloves unavailable)
Will    .....                   (boots unavailable)
Stlth   +++.......              (no amulet)
HPRegen 0.03/turn               (no ring)
MPRegen 0.09/turn               (no ring)

@: very quick
A: very small, no large weapons, unfitting armour, see invisible, speed 3
a: no special abilities


You were on level 1 of the Dungeon.
You visited 1 branch of the dungeon, and saw 1 of its levels.

Inventory:

Hand Weapons
 a - a +1 dagger (weapon)
Armour
 b - a +0 robe (worn)
Potions
 c - 2 potions of invisibility
 d - a potion of lignification {unknown}


   Skills:
 - Level 1.1 Short Blades
 - Level 2.6 Dodging
 - Level 4.4 Stealth
 + Level 2.9 Spellcasting
 + Level 3.8 Hexes


You had 5 spell levels left.
You didn't know any spells.
Your spell library contained the following spells:

 Spells                   Type           Power      Damage    Failure   Level
 Confusing Touch          Hex            14%        N/A       12%         3
 Tukima's Dance           Hex            14%        N/A       12%         3
 Ensorcelled Hibernation  Hex/Ice        16%        N/A       13%         2
 Dazzling Flash           Conj/Hex       16%        N/A       26%         3


Dungeon Overview and Level Annotations

Branches:
Dungeon (1/15)

Altars:


Innate Abilities, Weirdness & Mutations

You are very small and have problems with some larger weapons.
You are too small for most types of armour.
You have supernaturally acute eyesight. (SInv)
You cover ground extremely quickly. (Speed+++)


Message History

The endoplasm quivers.
The goblin shouts!
You hear a shout! x2; You hear an angry hiss.
You hear a shout!
Found 9 gold pieces.
Unknown command.
Unknown command.
Unknown command.
Unknown command.
Unknown command.
Unknown command.
Unknown command.
There is a large open door here.
The helpless rat fails to defend itself.
You puncture the rat!
You kill the rat!
The ball python hisses angrily.
The ball python closely misses you. The ball python grabs you.
The ball python constricts you. The ball python bites you.
The ball python constricts you.
You escape the ball python's grasp.
The goblin shouts!
You see here a rat corpse.
You close the large door.
The ball python barely misses you. The ball python grabs you.
The ball python constricts you.
You barely miss the ball python. The ball python barely misses you.
The ball python constricts you.
You closely miss the ball python. The ball python bites you.
The ball python constricts you.
* * * LOW HITPOINT WARNING * * *
The ball python hisses angrily. x2
You hit the ball python.
The ball python is moderately wounded.
The ball python barely misses you. The ball python constricts you.
A kobold opens the large door.
The endoplasm quivers.
You hit the ball python.
You kill the ball python!
The kobold hits you with a +2 short sword of speed.
Ouch! That really hurt!
You die...

#####♣♣♣♣♣♣♣♣♣♣♣♣♣
........♣......♣♣ ####
#..♣...♣....♣... #.⌠.r
#..♣♣....♣♣...♣
#..gg#####...♣...♣.....
#JrKb#$#.8.........♣...
#†K....J.♣♣..♣..♣.
#@'............♣..
#J..g#$#.8......♣♣..)..
#....#####.....♣......♣
#.⌠.⌠ #....♣...♣♣..♣.
#### ....♣...♣......
............♣♣.♣
.⌠...♣.♣.♣♣.. ..♣
.....♣....♣....♣.. ..
...♣...♣


You could see 2 endoplasms, a quokka, a hobgoblin, a goblin and a kobold.

Vanquished Creatures
  An endoplasm (D:1)
  A ball python (D:1)
  A goblin (D:1)
  A rat (D:1)
4 creatures vanquished.

Notes
Turn   | Place    | Note
-------+----------+-------------------------------------------
     0 | D:1      | khilkfdxdjhk the Spriggan Enchanter began the quest for the
                  | Orb.
     0 | D:1      | Reached XP level 1. HP: 9/9 MP: 5/5
   140 | D:1      | Slain by a kobold

Illustrated notes

Levels and vault maps discovered:
D:1:      erik_arrival_cave_to_civilisation [erik_arrival_cave_to_temple],
          layout_basic, serial_corexii_hall, corexii_hall_statues_t,
          corexii_hall_statues_l, shapermc_ecumenical_altar_gd

Action                   || total
-------------------------++-------
Melee: Dagger            ||     9
 Stab: Sleeping          ||     1
Dodge: Dodged            ||     6

Table legend: (Time is in decaauts)
 A = Elapsed time spent in this place.
 B = Non-inter-level travel time spent in this place.
 C = Inter-level travel time spent in this place.
 D = Time resting spent in this place.
 E = Time spent auto-exploring this place.
 F = Levels seen in this place.
 G = Mean time per level.
                   A        B        C        D        E       F      G
               +--------+--------+--------+--------+--------+-----+--------+
         Total |    123 |    123 |      0 |      0 |     95 |   1 |  123.0 |
       Dungeon |    123 |    123 |      0 |      0 |     95 |   1 |  123.0 |
               +--------+--------+--------+--------+--------+-----+--------+

Top non-repeatable levels by time:
     D:1: 123 daAuts
